 Dungeon Crawl Stone Soup version 0.29.1-15-g9cfb28693d (webtiles) character file.

Game seed: 5380210323881419959

46 tkbsonic5 the Trooper (level 3, -1/34 (39) HPs)
             Began as an Ogre Hunter on Mar 30, 2023.
             Slain by an adder (2 damage)
             ... on level 2 of the Dungeon.
             The game lasted 00:03:56 (1926 turns).

tkbsonic5 the Trooper (Ogre Hunter)                 Turns: 1926, Time: 00:03:57

HP:   -1/34 (39)    AC:  3    Str: 21    XL:     3   Next: 66%
MP:   3/3           EV: 10    Int: 10    God:
Gold: 98            SH:  0    Dex: 14    Spells: 2/2 levels left

rFire   . . .      SeeInvis .   l - +0 flail
rCold   . . .      Faith    .   (no shield)
rNeg    . . .      Spirit   .   c - +0 robe
rPois   .          Reflect  .   (helmet restricted)
rElec   .          Harm     .   (no cloak)
rCorr   +          Rampage  .   (gloves unavailable)
Will    .....                   (boots unavailable)
Stlth   ++........              (no amulet)
HPRegen 0.11/turn               f - ring of resist corrosion
MPRegen 0.08/turn               n - +6 ring of strength

@: mighty, lethally poisoned (-1 -> -6), heavily drained
A: large, unfitting armour, tough skin 1
a: no special abilities


You were on level 2 of the Dungeon.
You visited 1 branch of the dungeon, and saw 2 of its levels.

You collected 98 gold pieces.

Inventory:

Hand Weapons
 a - a +0 shortbow
 d - a +0 sling
 l - a +0 flail (weapon)
Missiles
 g - 3 boomerangs
Armour
 c - a +0 robe (worn)
Jewellery
 f - a ring of resist corrosion (left hand)
 n - a +6 ring of strength (right hand)
Scrolls
 b - a scroll of immolation
 k - a scroll of fog {unknown}
 m - 2 scrolls of identify {unknown}
 p - a scroll of enchant armour {unknown}
Potions
 e - a potion of curing {unknown}
 h - a potion of might
 i - a potion of heal wounds {unknown}
 j - a potion of lignification
 o - a potion of attraction {unknown}
 q - a potion of magic {unknown}


   Skills:
 * Level 4.1 Fighting
 * Level 3.5 Ranged Weapons
 - Level 1.7 Dodging
 - Level 0.6 Stealth


You had 2 spell levels left.
You didn't know any spells.
Your spell library contained the following spells:

 Spells                   Type           Power      Damage    Failure   Level
 Foxfire                  Conj/Fire      0%         2x1d4     36%         1
 Conjure Flame            Conj/Fire      0%         6-21      75%         3
 Inner Flame              Hex/Fire       0%         N/A       75%         3
 Flame Wave               Conj/Fire      0%         2d4       98%         4


Dungeon Overview and Level Annotations

Branches:
Dungeon (2/15)

Altars:

Shops:
D:2 :


Innate Abilities, Weirdness & Mutations

You are too large for most types of armour.
You have tough skin. (AC +1)


Message History

The adder is severely wounded.
The adder bites you.
You are poisoned.
The adder poisons you! The necrophage hits you.
You feel drained. The rat closely misses you.
The adder bites you but does no damage.
You closely miss the adder.
The adder is severely wounded.
You feel sick. The adder bites you. The necrophage barely misses you.
The rat barely misses you. The adder bites you but does no damage.
The necrophage hits you.
You feel drained. The rat closely misses you.
You closely miss the adder.
The adder is severely wounded.
You feel sick. The adder bites you but does no damage. The necrophage hits you.
The rat completely misses you. The adder bites you but does no damage.
You sock the rat!
You kill the rat!
You feel sick.
You are no longer poisoned.
The necrophage closely misses you. The adder bites you.
You are poisoned.
The adder poisons you!
You hit the adder but do no damage.
The adder is severely wounded.
You feel sick. The adder misses you. The necrophage hits you.
* * * LOW HITPOINT WARNING * * *
You feel drained.
* * * LOW HITPOINT WARNING * * *
The adder bites you.
* * * LOW HITPOINT WARNING * * *
You are more poisoned.
The adder poisons you! The necrophage hits you.
* * * LOW HITPOINT WARNING * * *
You feel drained.
* * * LOW HITPOINT WARNING * * *
Okay, then.
It was a potion of might.
You feel very mighty all of a sudden.
* * * LOW HITPOINT WARNING * * *
You feel sick. The adder bites you.
You die...

........# #.####...##
..........# #........'.
..........# ######.).##
..........# #...#
..........# #####
..........#
........†.###############
.......n.........>.......
.......S@.#######.#######
######+#### #.#......
#.#.##### #.#......
#.###.... #.# #.... #.#
#.... #.# #.###.... # #.#
#........


You could see a necrophage and an adder.

Vanquished Creatures
  A gnoll (D:1)
  A dart slug (D:1)
  3 ball pythons
  3 bats
  An endoplasm (D:2)
  2 giant cockroaches
  2 hobgoblins (D:2)
  8 jackals (D:1)
  A quokka (D:1)
  2 frilled lizards (D:1)
  A goblin (D:1)
  3 kobolds
  4 rats
32 creatures vanquished.

Notes
Turn   | Place    | Note
-------+----------+-------------------------------------------
     0 | D:1      | tkbsonic5 the Ogre Hunter began the quest for the Orb.
     0 | D:1      | Reached XP level 1. HP: 22/22 MP: 1/1
    51 | D:1      | Reached skill level 3 in Fighting
    57 | D:1      | Reached XP level 2. HP: 30/31 MP: 2/2
   636 | D:1      | Reached XP level 3. HP: 39/39 MP: 3/3
   649 | D:1      | Found a faded altar of an unknown god.
  1372 | D:2      | Reached skill level 4 in Fighting
  1510 | D:2      | Found Zowka's Book Boutique.
  1910 | D:2      | Noticed a necrophage
  1926 | D:2      | HP: 1/34 [poisoned by an adder]
  1926 | D:2      | Slain by an adder

Illustrated notes

Levels and vault maps discovered:
D:1:      lightli_arrival_isolated_outpost, layout_basic,
          hellmonk_ecumenical_altar_inner_sanctum, hangedman_decor_points
D:2:      layout_basic, serial_shops, nicolae_shop_waterfront

Skill      XL: |  1  2  3 |
---------------+----------+-----
Ranged Weapons | 3 |  3.5
Fighting       | 3 4 |  4.1
Dodging        | |  1.7
Stealth        | |  0.6

Action                   || total
-------------------------++-------
Melee: Flail             ||     6
 Fire: Shortbow          ||    95
  Use: Potion            ||     2
       Scroll            ||     1
Armor: Robe              ||    18
Dodge: Dodged            ||    50
